 Dungeon Crawl Stone Soup version 0.28.0 (webtiles) character file.

Game seed: 11680651081165232057

22 dolemite99 the Skirmisher (level 2, 24/24 HPs)
             Began as a Demonspawn Fighter on Feb 13, 2022.
             Was a Follower of Sif Muna.
             Quit the game on level 1 of the Dungeon.
             The game lasted 00:00:52 (763 turns).

dolemite99 the Skirmisher (Demonspawn Fighter)       Turns: 763, Time: 00:00:52

Health: 24/24      AC: 12    Str: 16    XL:     2   Next: 68%
Magic:  2/2        EV:  6    Int:  9    God:    Sif Muna [*.....]
Gold:   18         SH:  4    Dex: 12    Spells: 1/1 levels left

rFire   . . .      SeeInvis .   a - +0 war axe
rCold   . . .      Faith    .   c - +0 buckler
rNeg    . . .      Spirit   .   o - +0 chain mail
rPois   .          Reflect  .   (no helmet)
rElec   .          Harm     .   (no cloak)
rCorr   .          Rampage  .   e - +0 pair of gloves
Will    .....                   (no boots)
Stlth   ..........              (no amulet)
HPRegen 0.08/turn               (no ring)
MPRegen 0.08/turn               (no ring)

@: no status effects
A: yellow scales 1
a: Renounce Religion, Channel Magic


You were on level 1 of the Dungeon.
You worshipped Sif Muna.
Sif Muna was aware of your devotion.
You visited 1 branch of the dungeon, and saw 1 of its levels.

You collected 18 gold pieces.

Inventory:

Hand Weapons
 a - a +0 war axe (weapon)
Missiles
 g - 33 sling bullets
 l - 15 arrows
Armour
 b - a +0 scale mail
 c - a +0 buckler (worn)
 e - a +0 pair of gloves (worn)
 k - a +0 buckler
 o - a +0 chain mail (worn)
Scrolls
 f - a scroll of blinking {unknown}
 h - a scroll of torment {unknown}
 i - a scroll of identify {unknown}
Potions
 d - 3 potions of might
 j - a potion of lignification {unknown}
 m - a potion of heal wounds {unknown}
 n - a potion of attraction {unknown}


   Skills:
 - Level 3.0 Fighting
 + Level 3.0 Axes
 - Level 2.6 Armour
 - Level 2.6 Shields


You had one spell level left.
You didn't know any spells.
Your spell library was empty.

Dungeon Overview and Level Annotations

Branches:
Dungeon (1/15)

Altars:
Sif Muna


Innate Abilities, Weirdness & Mutations

You are partially covered in yellow scales. (AC +2)


Message History

You closely miss the jackal.
The jackal bites you but does no damage.
The jackal barely misses you.
You closely miss the jackal. The jackal barely misses you.
The jackal closely misses you.
You barely miss the jackal.
The jackal bites you but does no damage.
The jackal completely misses you.
You hit the jackal.
You kill the jackal!
You barely miss the hobgoblin.
The hobgoblin hits you but does no damage. x2
You slash the hobgoblin!
You kill the hobgoblin!
Your Axes skill increases to level 3!
You see here a hobgoblin corpse.
No target in view!
You start resting.
HP restored.
Found a faded altar of an unknown god.
Things that are here:
a jackal corpse; a jackal corpse You open the large door.
There is a large open door here.
A quokka comes into view.
There is a large open door here.
There is a large open door here.
There is a faded altar of an unknown god here.
You cannot tell which god this altar belongs to.
Convert to them anyway?
Sif Muna accepts your prayer! Sif Muna welcomes you!
You can now call upon Sif Muna for magical energy.
You block the quokka's attack.
You hit the quokka.
The quokka is almost dead.
You block the quokka's attack.
You slash the quokka!
You kill the quokka!
Sif Muna accepts your kill.
Are you sure you want to abandon this character and quit the game? (Confirm with "yes".)

####### ##########
.......
#........##.......
#........''.......
#........##.......
#._.@....# .......
#........# ##+###.
# #....>...# #.
#........# #.
#........#### #.
#####........ +.
#..###### ###.
#†>...... ....
#.########## #.##


There were no monsters in sight!

Vanquished Creatures
  2 endoplasms (D:1)
  A goblin (D:1)
  2 hobgoblins (D:1)
  6 jackals (D:1)
  2 kobolds (D:1)
  A quokka (D:1)
  5 rats (D:1)
19 creatures vanquished.

Notes
Turn   | Place    | Note
-------+----------+-------------------------------------------
     0 | D:1      | dolemite99 the Demonspawn Fighter began the quest for the
                  | Orb.
     0 | D:1      | Reached XP level 1. HP: 18/18 MP: 1/1
   374 | D:1      | Gained mutation: You are partially covered in yellow
                  | scales. (AC +2) [demonic ancestry]
   374 | D:1      | Reached XP level 2. HP: 24/24 MP: 2/2
   737 | D:1      | Found a faded altar of an unknown god.
   758 | D:1      | Prayed at the altar of an unknown god.
   758 | D:1      | Became a worshipper of Sif Muna the Loreminder
   758 | D:1      | Reached * piety under Sif Muna
   763 | D:1      | Quit the game

Illustrated notes

Levels and vault maps discovered:
D:1:      dpeg_arrival_ratfight, layout_basic, basic_ecumenical_altar

Skill      XL: |  1  2 |
---------------+-------+-----
Axes           | 2 3 |  3.0
Fighting       | |  3.0
Armour         | |  2.6
Shields        | |  2.6

Action                   || total
-------------------------++-------
Melee: War axe           ||    44
Armor: Scale mail        ||     8
       Chain mail        ||    17
Dodge: Dodged            ||    18
Block: Buckler           ||    14
